[Event "ESP-ch Teams Primera 2022"]
[Site "Sanxenxo Pontevedra"]
[Date "2022.09.17"]
[Round "1.1"]
[White "Bjerre, Jonas Buhl"]
[Black "Bacrot, Etienne"]
[Result "1-0"]
[ECO "A06"]
[WhiteElo "2598"]
[BlackElo "2647"]
[Annotator "ChessBase"]
[PlyCount "50"]
[EventDate "2022.09.17"]
[EventType "team-tourn"]
[EventCountry "ESP"]
[SourceTitle "playchess.com"]
[Source "ChessBase"]
[SourceQuality "1"]
[TimeControl "5400+30"]

1. Nf3 d5 2. g3 Nf6 3. Bg2 c5 4. O-O Nc6 5. d4 cxd4 6. Nxd4 e5 7. Nxc6 bxc6 8. c4 Be6 9. Bg5 Rc8 10. Qa4 Qd7 11. Bxf6 gxf6 12. e3 d4 13. exd4 exd4 14. Nd2 c5 15. Qa3 Be7 16. Qd3 O-O 17. Rae1 Rfe8 18. Re2 Bf8 19. Ne4 Kg7 20. Rfe1 Bf5 21. Qf3 Re5 22. Nxf6 Rxe2 23. Nh5+ Kh8 24. Rxe2 d3 25. Re5 Re8 1-0

[Event "ESP-ch Teams Primera 2022"]
[Site "Sanxenxo Pontevedra"]
[Date "2022.09.17"]
[Round "1.2"]
[White "Naiditsch, Arkadij"]
[Black "Andersen, Mads"]
[Result "1/2-1/2"]
[ECO "C84"]
[WhiteElo "2666"]
[BlackElo "2597"]
[Annotator "ChessBase"]
[PlyCount "104"]
[EventDate "2022.09.17"]
[EventType "team-tourn"]
[EventCountry "ESP"]
[SourceTitle "playchess.com"]
[Source "ChessBase"]
[SourceQuality "1"]
[TimeControl "5400+30"]

1. e4 e5 2. Nf3 Nc6 3. Bb5 a6 4. Ba4 Nf6 5. O-O Be7 6. d3 b5 7. Bb3 d6 8. a3 O-O 9. Nc3 Na5 10. Ba2 Be6 11. d4 Bxa2 12. Rxa2 Re8 13. Re1 h6 14. dxe5 dxe5 15. Nxe5 Qxd1 16. Rxd1 Bd6 17. f4 Bxe5 18. fxe5 Rxe5 19. Bf4 Rc5 20. h3 Nc4 21. b4 Rc6 22. e5 Nh7 23. a4 bxa4 24. Nxa4 Nf8 25. Nc5 Ne6 26. Nxe6 Rxe6 27. b5 a5 28. Rd4 Nxe5 29. Rda4 Rd8 30. Rxa5 Rd1+ 31. Kh2 g5 32. Ra8+ Kg7 33. Bxe5+ Rxe5 34. c4 Rc1 35. Rc8 Rc5 36. Raa8 R1xc4 37. Rg8+ Kf6 38. Ra6+ Ke7 39. b6 cxb6 40. Rxb6 Rc6 41. Rb7+ Rc7 42. Rxc7+ Rxc7 43. h4 Kf6 44. hxg5+ hxg5 45. g4 Rc5 46. Kg3 Ke6 47. Re8+ Kd5 48. Re1 Rc3+ 49. Kg2 f6 50. Rf1 Rc6 51. Rf5+ Ke4 52. Kg3 Rc3+ 1/2-1/2

[Event "ESP-ch Teams Primera 2022"]
[Site "Sanxenxo Pontevedra"]
[Date "2022.09.17"]
[Round "1.3"]
[White "Gomez Dieguez, David"]
[Black "Ponomariov, Ruslan"]
[Result "0-1"]
[ECO "B56"]
[WhiteElo "2332"]
[BlackElo "2640"]
[Annotator "ChessBase"]
[PlyCount "150"]
[EventDate "2022.09.17"]
[EventType "team-tourn"]
[EventCountry "ESP"]
[SourceTitle "playchess.com"]
[Source "ChessBase"]
[SourceQuality "1"]
[TimeControl "5400+30"]

1. e4 c5 2. Nc3 Nc6 3. Nge2 d6 4. d4 cxd4 5. Nxd4 Nf6 6. g3 g6 7. Bg2 Bd7 8. Nde2 Bg7 9. O-O h5 10. h3 Qc8 11. Kh2 Ne5 12. Nd5 h4 13. g4 Bxg4 14. Nxf6+ Bxf6 15. hxg4 h3 16. Bh1 Nxg4+ 17. Kg1 h2+ 18. Kg2 Ne5 19. f3 Qh3+ 20. Kf2 Bh4+ 21. Ke3 Bg5+ 22. Kf2 Bh4+ 23. Ke3 Ng4+ 24. Kd3 Nf2+ 25. Rxf2 Bxf2 26. Nf4 Qg3 27. Nd5 Rc8 28. c3 Qg1 29. Be3 e6 30. Nf6+ Ke7 31. Ng4 Bxe3 32. Nxe3 Qxd1+ 33. Rxd1 f5 34. Bg2 Rh4 35. Rh1 Rch8 36. Ke2 R8h5 37. Kf2 Kf6 38. Bf1 fxe4 39. Ng2 Rh3 40. Ne1 e3+ 41. Kxe3 R3h4 42. Kf2 Rd5 43. Bd3 Rhh5 44. c4 Ra5 45. a3 d5 46. cxd5 Raxd5 47. Ke3 Rhe5+ 48. Kd2 Rd7 49. f4 Rb5 50. Rxh2 Rxb2+ 51. Nc2 Rb3 52. Rh3 e5 53. fxe5+ Kxe5 54. Rg3 Kf4 55. Re3 g5 56. Ne1 Rxa3 57. Rf3+ Kg4 58. Ke2 Re7+ 59. Kf2 Ra2+ 60. Nc2 Kh4 61. Kg2 g4 62. Rf8 Rd7 63. Rh8+ Kg5 64. Rg8+ Kf6 65. Rg6+ Kf7 66. Bc4+ Kxg6 67. Bxa2 Rd2+ 68. Kf1 Kg5 69. Bb3 b5 70. Ke1 Rd3 71. Be6 a5 72. Ke2 Rd6 73. Bf7 Rd7 74. Ba2 Kf4 75. Ne1 a4 0-1

[Event "ESP-ch Teams Primera 2022"]
[Site "Sanxenxo Pontevedra"]
[Date "2022.09.17"]
[Round "1.4"]
[White "Franco Alonso, Alejandro"]
[Black "Del Prado Rodriguez, Xulio"]
[Result "1-0"]
[ECO "E71"]
[WhiteElo "2432"]
[BlackElo "2281"]
[Annotator "ChessBase"]
[PlyCount "32"]
[EventDate "2022.09.17"]
[EventType "team-tourn"]
[EventCountry "ESP"]
[SourceTitle "playchess.com"]
[Source "ChessBase"]
[SourceQuality "1"]
[TimeControl "5400+30"]

1. d4 Nf6 2. c4 g6 3. Nc3 Bg7 4. e4 d6 5. h3 O-O 6. Be3 e5 7. d5 Na6 8. Bd3 Nd7 9. g4 Ndc5 10. Bc2 f5 11. a3 fxe4 12. Bxe4 Qf6 13. Qc2 Qh4 14. Qd1 Qf6 15. Qc2 Qh4 16. Nf3 Qe7 1-0

[Event "ESP-ch Teams Primera 2022"]
[Site "Sanxenxo Pontevedra"]
[Date "2022.09.17"]
[Round "1.5"]
[White "Gomez Carreno, Martin"]
[Black "Gonzalez De La Torre, Santiago"]
[Result "1/2-1/2"]
[ECO "B23"]
[WhiteElo "2155"]
[BlackElo "2439"]
[Annotator "ChessBase"]
[PlyCount "91"]
[EventDate "2022.09.17"]
[EventType "team-tourn"]
[EventCountry "ESP"]
[SourceTitle "playchess.com"]
[Source "ChessBase"]
[SourceQuality "1"]
[TimeControl "5400+30"]

1. e4 c5 2. Nc3 a6 3. Nf3 e6 4. g3 b5 5. d4 b4 6. Na4 cxd4 7. Nxd4 Bb7 8. Bg2 Nf6 9. O-O Bxe4 10. Bxe4 Nxe4 11. Re1 Nf6 12. Qf3 d5 13. c4 bxc3 14. Nxc3 Be7 15. Bf4 O-O 16. Bxb8 Qxb8 17. Nc6 Qb7 18. Nxe7+ Qxe7 19. Nxd5 Nxd5 20. Qxd5 Rad8 21. Qa5 Rd6 22. Rad1 Rfd8 23. Rxd6 Qxd6 24. Rc1 h6 25. h4 Qd3 26. Qc3 Qf5 27. a3 Kh7 28. Re1 Rd5 29. Kg2 Rd3 30. Qc6 Rd2 31. Qb6 a5 32. b4 axb4 33. axb4 Qd5+ 34. Kg1 Rb2 35. Qc7 Qf3 36. Qc5 e5 37. Qe3 Qxe3 38. Rxe3 f6 39. Re4 h5 40. Kg2 Kg6 41. Rc4 Kf5 42. Kf3 g5 43. hxg5 fxg5 44. Ke3 Rb3+ 45. Ke2 Ke6 46. Rc6+ 1/2-1/2

[Event "ESP-ch Teams Primera 2022"]
[Site "Sanxenxo Pontevedra"]
[Date "2022.09.17"]
[Round "1.6"]
[White "Buiza Prieto, Eihartze"]
[Black "Redondo Arguelles, Graciela"]
[Result "1-0"]
[ECO "C03"]
[WhiteElo "2080"]
[BlackElo "1993"]
[Annotator "TA"]
[PlyCount "137"]
[EventDate "2022.09.17"]
[EventType "team-tourn"]
[EventCountry "ESP"]
[SourceTitle "playchess.com"]
[Source "ChessBase"]
[SourceQuality "1"]
[TimeControl "5400+30"]

1. e4 e6 2. d4 d5 3. Nd2 Be7 4. Ngf3 c5 5. exd5 exd5 6. Bb5+ Nc6 7. dxc5 Bxc5 8. O-O Nge7 9. Nb3 Bd6 10. Bg5 Qc7 {C09: French Tarrasch: 3...c5 4 exd5 exd5 5 Ngf3 Nc6.} (10... a6 $11 11. Bxc6+ bxc6) 11. Bxe7 $14 Bxe7 12. Qxd5 O-O $1 {White is slightly better.} 13. c3 {[#]} Bf6 $146 ({Predecessor:} 13... Be6 14. Qe4 Bf6 15. Rfe1 g6 16. Bd3 Rfe8 17. Qa4 a6 18. Nc5 Bd5 19. Ne4 Bg7 {½-½ (50) Rother,W-Dethloff,K Neudorf 1981}) 14. Qe4 Qb6 15. Bc4 Bd7 16. Rad1 Rad8 (16... Rae8 $14 {was preferrable.} 17. Qc2 Qc7) 17. h3 a5 18. Bd3 {White has more active pieces.} (18. Rd5 $16) 18... g6 19. Qe3 Qc7 20. Nc5 Rfe8 21. Qc1 Bc8 22. Ne4 Bg7 23. Bc2 $36 {[%mdl 2048] White is more active.} Be6 24. Rxd8 Rxd8 25. Bb3 Bxb3 26. axb3 Ne7 27. Rd1 Nf5 28. Rxd8+ Qxd8 29. Qd2 Qb6 (29... Qxd2 $16 30. Nexd2 (30. Nfxd2 b5 $14) 30... b5) 30. Qd5 {Threatens to win with Nfg5.} h6 31. Nfd2 a4 (31... Qc7 {keeps fighting.} 32. Nc4 b6) 32. b4 Qc7 33. g3 a3 34. bxa3 Bxc3 35. Nc4 Bg7 36. Kg2 Qe7 (36... Ne7 $142 37. Qb5 Qc6 38. Qxc6 bxc6) 37. Qd3 $2 (37. b5 $18) 37... Bf8 (37... b5 $14) 38. Ne3 (38. b5 $18) 38... Nxe3+ $16 39. Qxe3 {[%mdl 4096] Endgame KQB-KQN} ({But not} 39. fxe3 $6 Qe6 $11) 39... f5 (39... Qe6 $16) 40. Nd2 $2 (40. Nc5 $18) 40... Qxe3 $14 41. fxe3 {Black must now prevent Nc4. KB-KN} Kf7 42. Kf3 Ke6 43. e4 b5 $2 {Black is on the road to losing.} (43... Ke5 $14) 44. Nb3 $1 $18 Ke5 (44... Bg7 $142 45. Ke3 h5 46. exf5+ gxf5) 45. exf5 gxf5 46. Ke3 $1 Kd5 47. Nd4 Kc4 $2 (47... Bd6 48. Nxf5 Be5) 48. Nxf5 Kb3 49. Nd4+ Kxa3 50. Nxb5+ Kxb4 51. Nd4 Kc4 52. Ke4 Ba3 53. Ne6 Bc1 54. Nf4 Bd2 55. h4 (55. Nd3 $142 h5 56. Nf4 Kc5 57. Nxh5 Be1 58. g4 Kd6 59. Nf4 Ke7 60. g5) 55... Be1 {[#]} 56. Ne2 $1 {Threatening mate with h5.} Bf2 {[#]} 57. h5 $1 {White mates.} Be1 58. Kf5 Kd3 59. Nf4+ Kd4 60. g4 Bd2 61. Ng6 Bg5 62. Ne5 Ke3 63. Nf7 Bf4 {[#]} 64. Nxh6 $1 Bxh6 65. g5 Bf8 66. h6 Kf3 67. Kg6 Bc5 68. Kf7 Kg4 69. g6 {Weighted Error Value: White=0.29 (precise) /Black=0.56} 1-0

[Event "ESP-ch Teams Primera 2022"]
[Site "Sanxenxo Pontevedra"]
[Date "2022.09.17"]
[Round "1.7"]
[White "Alsina Leal, Daniel"]
[Black "Reinaldo Castineira, Roi"]
[Result "1/2-1/2"]
[ECO "C11"]
[WhiteElo "2525"]
[BlackElo "2496"]
[Annotator "ChessBase"]
[PlyCount "131"]
[EventDate "2022.09.17"]
[EventType "team-tourn"]
[EventCountry "ESP"]
[SourceTitle "playchess.com"]
[Source "ChessBase"]
[SourceQuality "1"]
[TimeControl "5400+30"]

1. e4 e6 2. d4 d5 3. Nc3 Nf6 4. e5 Nfd7 5. f4 c5 6. Nf3 Nc6 7. Be3 Rb8 8. Be2 a6 9. O-O b5 10. f5 exf5 11. Nxd5 Nxd4 12. Kh1 Nb6 13. Nxb6 Qxb6 14. Bxd4 cxd4 15. Nxd4 g6 16. Bf3 Be7 17. Nc6 Rb7 18. a4 Rc7 19. axb5 axb5 20. Nxe7 Rxe7 21. Qd6 Re6 22. Qxb6 Rxb6 23. Rfd1 O-O 24. Rd6 Rb8 25. h4 Be6 26. h5 Rfc8 27. Rc6 Kg7 28. hxg6 hxg6 29. Ra7 Kh6 30. Kg1 Kg5 31. Ra5 Kf4 32. Rxc8 Rxc8 33. c3 Bc4 34. Kf2 Kxe5 35. b3 Bd3 36. c4 Rc5 37. Ke3 Bc2 38. Rxb5 Rxb5 39. cxb5 Bxb3 40. b6 Kd6 41. Kd4 g5 42. g3 f6 43. Bg2 Bd1 44. Bh1 Bb3 45. Bg2 Ba4 46. Bh1 Bb5 47. Bg2 Ba6 48. Bh1 Kd7 49. Bd5 Kd6 50. Bg2 Be2 51. Bh1 Bd1 52. Bg2 Bc2 53. Bh1 Kd7 54. Bd5 Kc8 55. Bc6 Kb8 56. Bd5 Ba4 57. Bg2 Bd7 58. Kd5 Bc8 59. Kd6 f4 60. gxf4 gxf4 61. Ke7 Bb7 62. Bh3 Bc8 63. Bg2 f5 64. Kf6 Bb7 65. Kxf5 Bxg2 66. Kxf4 1/2-1/2

[Event "ESP-ch Teams Primera 2022"]
[Site "Sanxenxo Pontevedra"]
[Date "2022.09.17"]
[Round "1.8"]
[White "Suarez Gomez, Julio"]
[Black "Lorenzo De La Riva, Lazaro"]
[Result "1/2-1/2"]
[ECO "D35"]
[WhiteElo "2440"]
[BlackElo "2430"]
[Annotator "ChessBase"]
[PlyCount "173"]
[EventDate "2022.09.17"]
[EventType "team-tourn"]
[EventCountry "ESP"]
[SourceTitle "playchess.com"]
[Source "ChessBase"]
[SourceQuality "1"]
[TimeControl "5400+30"]

1. d4 d5 2. c4 e6 3. Nc3 Nf6 4. cxd5 exd5 5. Bg5 h6 6. Bh4 c6 7. e3 Be7 8. Bd3 O-O 9. h3 Ne4 10. Bxe7 Qxe7 11. Qc2 Bf5 12. Nge2 Nd7 13. O-O Ndf6 14. Rae1 Rfe8 15. Nd1 Bh7 16. f3 Nd6 17. Nf4 Rac8 18. b3 Bxd3 19. Qxd3 c5 20. dxc5 Rxc5 21. Ne2 Qe5 22. Nd4 Rec8 23. Nf2 Rc3 24. Qd2 Qg5 25. Nd3 Nf5 26. Nxf5 Qxf5 27. Rc1 Rxc1 28. Rxc1 Rd8 29. Nf4 a6 30. Rc3 Re8 31. Rd3 Re5 32. Rd4 g5 33. Ne2 Qb1+ 34. Kf2 Qf5 35. Qd3 Qc8 36. Nc3 Qc6 37. Qd2 b5 38. Ne2 Re6 39. Nc3 Re5 40. Ne2 Qc8 41. Nc3 Qc5 42. Kg1 a5 43. Nd1 b4 44. Nf2 Qe7 45. Rd3 d4 46. e4 Rc5 47. Rxd4 Qc7 48. Rd8+ Kg7 49. Qd6 Rc1+ 50. Kh2 Qxd6+ 51. Rxd6 Rc2 52. Nd1 Re2 53. h4 Nh5 54. hxg5 hxg5 55. Kh3 Nf4+ 56. Kg4 Rxg2+ 57. Kf5 Ng6 58. Rd3 Rg3 59. e5 g4 60. Ke4 Rg1 61. fxg4 Rxg4+ 62. Ke3 Rg2 63. Nf2 Nxe5 64. Rd5 Nc6 65. Rc5 Rg6 66. Nd3 Re6+ 67. Kf2 Kf8 68. Nb2 Nd4 69. Nc4 Re2+ 70. Kf1 Rxa2 71. Nxa5 Kg7 72. Rd5 Nc2 73. Ke2 Kg6 74. Kd3 f5 75. Nc6 Ne1+ 76. Kc4 f4 77. Kxb4 f3 78. Ne5+ Kf6 79. Nxf3 Nxf3 80. Rd1 Ke5 81. Kc3 Ke4 82. Rd8 Ne5 83. Rd4+ Ke3 84. Rd5 Ke4 85. Rd4+ Ke3 86. Rd8 Nf7 87. Rd1 1/2-1/2

[Event "ESP-ch Teams Primera 2022"]
[Site "Sanxenxo Pontevedra"]
[Date "2022.09.17"]
[Round "1.9"]
[White "Alonso Moyano, Jonathan"]
[Black "Laiz Ibanez, Hector"]
[Result "1-0"]
[ECO "C02"]
[WhiteElo "2348"]
[BlackElo "2327"]
[Annotator "ChessBase"]
[PlyCount "63"]
[EventDate "2022.09.17"]
[EventType "team-tourn"]
[EventCountry "ESP"]
[SourceTitle "playchess.com"]
[Source "ChessBase"]
[SourceQuality "1"]
[TimeControl "5400+30"]

1. e4 e6 2. d4 d5 3. e5 c5 4. c3 Nc6 5. Nf3 Bd7 6. Be2 Nge7 7. O-O Ng6 8. Re1 Be7 9. a3 cxd4 10. cxd4 Na5 11. Nc3 Rc8 12. Bd3 Qb6 13. Rb1 Nc4 14. g3 Qa5 15. Ne2 Bb5 16. h4 Nf8 17. Nf4 g6 18. Bc2 Qc7 19. a4 Ba6 20. Bd3 Na5 21. Re2 Bxd3 22. Nxd3 Nd7 23. Bh6 Nb8 24. b3 Nbc6 25. Qd2 Qb6 26. Qf4 Nd8 27. Nc5 Nac6 28. b4 a5 29. Bg7 Rg8 30. Qh6 Bf8 31. Bxf8 Rxf8 32. Qxf8+ 1-0

[Event "ESP-ch Teams Primera 2022"]
[Site "Sanxenxo Pontevedra"]
[Date "2022.09.17"]
[Round "1.10"]
[White "Abal Cores, Lucas"]
[Black "Martinez Ramirez, Erik"]
[Result "1-0"]
[ECO "B33"]
[WhiteElo "2291"]
[BlackElo "2181"]
[Annotator "ChessBase"]
[PlyCount "73"]
[EventDate "2022.09.17"]
[EventType "team-tourn"]
[EventCountry "ESP"]
[SourceTitle "playchess.com"]
[Source "ChessBase"]
[SourceQuality "1"]
[TimeControl "5400+30"]

1. e4 c5 2. Nf3 Nc6 3. d4 cxd4 4. Nxd4 Nf6 5. Nc3 e5 6. Ndb5 d6 7. Bg5 a6 8. Na3 b5 9. Bxf6 gxf6 10. Nd5 Bg7 11. c3 Ne7 12. Nxe7 Qxe7 13. Nc2 f5 14. exf5 d5 15. Qxd5 Bb7 16. Qd1 Qh4 17. Ne3 h5 18. g3 Qf6 19. Bg2 Bxg2 20. Nxg2 Qxf5 21. Ne3 Qf6 22. a4 Rd8 23. Qe2 h4 24. axb5 hxg3 25. fxg3 axb5 26. Qxb5+ Kf8 27. Qe2 Bh6 28. Ng4 Qb6 29. Ra6 Qc5 30. Nxh6 e4 31. Rf1 Rh7 32. Qxe4 Qg5 33. Qb4+ Ke8 34. Re6+ fxe6 35. Rf8+ Kd7 36. Qb7+ Kd6 37. Rxd8+ 1-0

[Event "ESP-ch Teams Primera 2022"]
[Site "Sanxenxo Pontevedra"]
[Date "2022.09.17"]
[Round "1.11"]
[White "Bosque Ortega, Xavier"]
[Black "Rodriguez Ferreiros, Andres"]
[Result "1-0"]
[ECO "D02"]
[WhiteElo "2164"]
[BlackElo "2110"]
[Annotator "TA"]
[PlyCount "89"]
[EventDate "2022.09.17"]
[EventType "team-tourn"]
[EventCountry "ESP"]
[SourceTitle "playchess.com"]
[Source "ChessBase"]
[SourceQuality "1"]
[TimeControl "5400+30"]

1. d4 d5 2. Nf3 c5 3. c3 Nc6 4. Bf4 f6 5. e3 cxd4 6. cxd4 {D02: 1 d4 d5 2 Nf3 sidelines, including 2...Nf6 3 g3 and 2...Nf6 3 Bf4.} g5 7. Bg3 h5 8. h3 {The position is equal.} Nh6 {[#]} 9. Bd3 $146 ({Predecessor:} 9. Nc3 Be6 10. Bd3 Nf5 11. Bxf5 Bxf5 12. Qb3 e6 13. Qxb7 Rc8 14. O-O Bd3 15. Nb5 {1-0 (60) Otawa,Y (2128)-Otsuka,S Tokyo 2021}) 9... Bf5 10. Nc3 e6 11. Bh2 Bd6 12. Bxf5 Nxf5 13. Qb3 Bxh2 14. Qxb7 Nfe7 {Threatens to win with ...Bd6.} 15. Nxh2 ({Reject} 15. Rxh2 Rb8 16. Qa6 Rxb2 $15) 15... Rb8 {[%mdl 64] Deflection} 16. Qa6 Rxb2 17. O-O Kf7 18. Rab1 Rxb1 (18... Qb6 $5 19. Qd3 Nb4 $11) 19. Rxb1 {Threatening Rb7.} Qa5 20. Qd3 Nb4 21. Qd1 Nxa2 22. Nxa2 Qxa2 23. Ra1 {[%cal Bb1a1,Ba1a7,Ba7a6][%mdl 96] Deflection} (23. Rb7 {keeps more tension.} Qa3 24. Qc2 Qa1+ 25. Nf1) 23... Qb2 24. Rxa7 Qb6 25. Qa1 Rb8 26. Nf1 Rb7 27. Ra6 Qb4 (27... Qb1 $11 {remains equal.}) 28. Qd1 $16 Rb6 $2 (28... Qb1 $16 {was necessary.} 29. Qxh5+ Qg6) 29. Qxh5+ $18 Kg7 30. Ra7 Rb7 31. Rxb7 ({Weaker is} 31. Ra8 Ng6 32. Qg4 Kf7 $16) 31... Qxb7 {[%mdl 4096] Endgame [#] KQN-KQN} 32. Qg4 $2 (32. Qe8 $1 $18 {and the rest is easy.}) 32... Nf5 {[#]} 33. Ng3 (33. h4 $142 $1) 33... Nxg3 34. Qxg3 $16 {Hoping for h4. KQ-KQ} Qb1+ $2 (34... Kf7 $16) 35. Kh2 $18 {aiming for Qc7+.} Kf7 $2 (35... Qf5 36. h4 Kf7) 36. Qc7+ Kg6 37. Qc8 Qe4 $2 (37... Qf5 38. Qg8+ Kh6) 38. Qg8+ Kh6 39. Qf7 Qf5 40. f3 {And now Kg3 would win.} e5 41. Qxd5 Kg7 42. Qe4 Qe6 43. dxe5 fxe5 44. Qg4 Qf6 45. h4 {Weighted Error Value: White=0.12 (very precise) /Black=0.47} 1-0

[Event "ESP-ch Teams Primera 2022"]
[Site "Sanxenxo Pontevedra"]
[Date "2022.09.17"]
[Round "1.12"]
[White "Dorado Meijide, Andrea"]
[Black "Castillo Escario, Yolanda"]
[Result "1-0"]
[ECO "C60"]
[WhiteElo "1801"]
[BlackElo "2035"]
[Annotator "TA"]
[PlyCount "93"]
[EventDate "2022.09.17"]
[EventType "team-tourn"]
[EventCountry "ESP"]
[SourceTitle "playchess.com"]
[Source "ChessBase"]
[SourceQuality "1"]
[TimeControl "5400+30"]

1. e4 e5 2. Nf3 Nc6 3. Bb5 Nge7 4. O-O g6 5. d4 exd4 6. Nxd4 Bg7 7. Nxc6 bxc6 8. Bc4 O-O 9. Nc3 Rb8 {C60: Ruy Lopez: Unusual Black 3rd moves and 3...g6.} 10. Qe2 d6 11. Rd1 Be6 {The position is equal.} 12. Bb3 Qc8 13. Bg5 f6 14. Be3 {[#]} a5 $146 ({Predecessor:} 14... c5 15. Nd5 Nxd5 16. exd5 Bd7 17. Bd2 Re8 18. Qd3 f5 19. Bc3 Bxc3 20. Qxc3 Rb4 {1-0 (46) Zachary,M (1965)-Bacrot,A (1892) Pau 2015}) 15. Qd2 Bf7 16. Bh6 Qg4 17. Bxg7 Kxg7 18. Qe3 c5 19. h3 Qc8 20. Bxf7 Rxf7 21. b3 Qe6 22. Nd5 Nxd5 23. exd5 (23. Rxd5 $11 {was the only way to keep the balance.} a4 24. Rad1 (24. bxa4 Re7 $11)) 23... Qxe3 $17 24. fxe3 $11 {[%mdl 4096] Endgame KRR-KRR} Re7 25. Kf2 Rbe8 26. Rd3 Re4 27. Rf1 a4 ({Better is} 27... h5) 28. Ra1 (28. g4 $142) 28... f5 29. g3 Kf6 (29... g5 $142 30. c4 h5) 30. Rf1 Ke7 (30... g5 $142 31. Rg1 h5) 31. Ke2 $17 Kd7 (31... axb3 $17 32. cxb3 Ra8) 32. Kd2 (32. Rf4 $11) 32... c4 (32... axb3 $17 {Threatens to win with ...c4.} 33. axb3 Ke7) 33. bxc4 $11 Rxc4 34. Rf4 Ree4 35. Rxe4 Rxe4 {KR-KR} ({Reject} 35... fxe4 36. Rd4 Rxd4+ 37. exd4 $11) 36. c3 (36. a3 $15) 36... c6 $17 37. dxc6+ Kxc6 38. Rd4 $2 {[%mdl 8192] [#]} (38. Ke2 $17) 38... Kc5 $2 (38... Rxd4+ $1 $19 39. cxd4 Kd5) 39. Kd3 $11 d5 {aiming for ...Rxd4+.} 40. a3 g5 41. g4 fxg4 (41... f4 $1 $11 {remains equal.} 42. exf4 (42. Rxe4 $2 dxe4+ 43. Kxe4 fxe3 $19) 42... Rxf4) 42. hxg4 $16 Rxd4+ (42... Re8 $16) 43. cxd4+ $11 {KP-KP} Kb5 44. e4 dxe4+ 45. Kxe4 {White mates.} Kc6 46. d5+ Kd6 {[#]} 47. Kd4 $1 {Weighted Error Value: White=0.36/Black=0.65} 1-0

[Event "ESP-ch Teams Primera 2022"]
[Site "Sanxenxo Pontevedra"]
[Date "2022.09.17"]
[Round "1.13"]
[White "Cordova, Emilio"]
[Black "Espinosa Aranda, Angel"]
[Result "1/2-1/2"]
[ECO "A06"]
[WhiteElo "2550"]
[BlackElo "2428"]
[Annotator "ChessBase"]
[PlyCount "158"]
[EventDate "2022.09.17"]
[EventType "team-tourn"]
[EventCountry "ESP"]
[SourceTitle "playchess.com"]
[Source "ChessBase"]
[SourceQuality "1"]
[TimeControl "5400+30"]

1. Nf3 d5 2. g3 g6 3. Bg2 Bg7 4. d4 Nf6 5. O-O O-O 6. c4 dxc4 7. Na3 c3 8. bxc3 c5 9. e3 Nc6 10. Qe2 Qa5 11. Bb2 Bf5 12. Nd2 cxd4 13. cxd4 Rac8 14. Nb3 Qb6 15. Rfc1 Rfd8 16. Nc4 Qb5 17. Nc5 Nb4 18. a4 Qe8 19. Nxb7 Nd3 20. Nxd8 Nxc1 21. Rxc1 Rxd8 22. Ne5 Qxa4 23. Nc6 Re8 24. Ra1 Qb3 25. Rxa7 Bf8 26. Ra3 Qb6 27. d5 Be4 28. Bxe4 Nxe4 29. Qc2 Nd6 30. Qc3 f6 31. Rb3 Qa6 32. Qd3 Qxd3 33. Rxd3 Nc4 34. Rb3 Nxb2 35. Rxb2 e6 36. dxe6 Rxe6 37. Nd4 Re7 38. g4 Kf7 39. Kg2 Rd7 40. Rb5 Bg7 41. Nb3 Bf8 42. h3 Be7 43. Nd4 Rc7 44. Kf3 Bc5 45. Ne2 Bd6 46. Ke4 Be7 47. Nf4 Ra7 48. Nd5 Ra4+ 49. Kf3 Ra7 50. Rb6 Bd8 51. Rc6 Be7 52. Kg3 Rd7 53. Nb6 Ra7 54. Nc4 Ke8 55. Rc8+ Kf7 56. f4 Rb7 57. h4 Rd7 58. g5 Rb7 59. Rc6 Ra7 60. gxf6 Bxf6 61. Nd6+ Kf8 62. Nb5 Rf7 63. Nc7 Be7 64. Nd5 Bd8 65. e4 Ra7 66. Rc8 Rd7 67. h5 gxh5 68. f5 Kf7 69. Kf4 h4 70. Kg4 Rd6 71. Nf4 Rd4 72. Kf3 Bf6 73. Rc7+ Kg8 74. Nh5 Be5 75. Re7 Rd3+ 76. Ke2 h3 77. Rxe5 h2 78. Re8+ Kf7 79. Rh8 h1=Q 1/2-1/2

[Event "ESP-ch Teams Primera 2022"]
[Site "Sanxenxo Pontevedra"]
[Date "2022.09.17"]
[Round "1.14"]
[White "Rubio Mejia, Luis Ignacio"]
[Black "Krysa, Leandro"]
[Result "0-1"]
[ECO "A06"]
[WhiteElo "2399"]
[BlackElo "2535"]
[Annotator "ChessBase"]
[PlyCount "105"]
[EventDate "2022.09.17"]
[EventType "team-tourn"]
[EventCountry "ESP"]
[SourceTitle "playchess.com"]
[Source "ChessBase"]
[SourceQuality "1"]
[TimeControl "5400+30"]

1. c4 Nf6 2. Nf3 e6 3. b3 d5 4. e3 c5 5. Bb2 Nc6 6. cxd5 exd5 7. Bb5 Bd6 8. O-O O-O 9. d4 cxd4 10. Nxd4 Bc7 11. Nd2 Nxd4 12. Bxd4 Qd6 13. g3 Ba5 14. a3 Bh3 15. Re1 Bxd2 16. Qxd2 Ne4 17. Qb2 Qg6 18. Bd3 Bf5 19. Be2 Rfe8 20. Rac1 h5 21. Bf1 Ng5 22. Bg2 Be4 23. Qe2 Qf5 24. f4 Nh3+ 25. Kh1 Rac8 26. Bxa7 Ra8 27. Bc5 Ra6 28. Rf1 Rg6 29. Bxe4 dxe4 30. Bd4 b6 31. a4 h4 32. gxh4 Rh6 33. a5 bxa5 34. Rc5 Qd7 35. h5 Rc8 36. Rfc1 Rxc5 37. Rxc5 Nxf4 38. Qb5 Qxb5 39. Rxb5 Ne2 40. Bb2 Rc6 41. Rxa5 Rc2 42. Ba3 Rc3 43. Bc5 Rxb3 44. Kg2 Nc3 45. Kf2 Nd5 46. Bd4 Nc7 47. Re5 Rb5 48. Kg3 Kh7 49. Rxe4 Ne6 50. Re5 Rb3 51. Kg4 Rd3 52. Re4 Rd2 53. Kg3 0-1

[Event "ESP-ch Teams Primera 2022"]
[Site "Sanxenxo Pontevedra"]
[Date "2022.09.17"]
[Round "1.15"]
[White "Ushenina, Anna"]
[Black "Almagro Llamas, Pablo"]
[Result "1/2-1/2"]
[ECO "E06"]
[WhiteElo "2439"]
[BlackElo "2407"]
[Annotator "ChessBase"]
[PlyCount "103"]
[EventDate "2022.09.17"]
[EventType "team-tourn"]
[EventCountry "ESP"]
[SourceTitle "playchess.com"]
[Source "ChessBase"]
[SourceQuality "1"]
[TimeControl "5400+30"]

1. d4 Nf6 2. c4 e6 3. g3 d5 4. Nf3 Be7 5. Bg2 O-O 6. O-O dxc4 7. Qa4 Bd7 8. Qxc4 Bc6 9. Nc3 Nbd7 10. Qd3 Bb4 11. Rd1 Qe7 12. Bf4 Rac8 13. a3 Bxc3 14. bxc3 Be4 15. Qb5 c5 16. Ne1 Bxg2 17. Kxg2 Nb6 18. Bg5 Nbd5 19. Qb2 h6 20. Bxf6 Qxf6 21. e4 Nb6 22. a4 Rc7 23. a5 Nc4 24. Qe2 cxd4 25. cxd4 Rfc8 26. Nf3 a6 27. Ra2 Qe7 28. Rb1 Nd6 29. Rb3 Nb5 30. Rd2 Rc1 31. h4 Qc7 32. d5 exd5 33. exd5 Qc4 34. Rbd3 Nc3 35. Qe7 Nxd5 36. Qxb7 Nb4 37. Ne5 Qc7 38. Qxc8+ Qxc8 39. Rd8+ Kh7 40. Rxc8 Rxc8 41. Nxf7 Rc5 42. Rb2 Nd5 43. Rb8 Nf6 44. f3 Rxa5 45. g4 h5 46. g5 Nd5 47. Re8 Kg6 48. Nd6 Nf4+ 49. Kg3 Ra4 50. Re7 Nd5 51. Re6+ Kh7 52. g6+ 1/2-1/2

[Event "ESP-ch Teams Primera 2022"]
[Site "Sanxenxo Pontevedra"]
[Date "2022.09.17"]
[Round "1.16"]
[White "Garcia Cuenca, Victor"]
[Black "Ladron De Guevara Pinto, Paolo"]
[Result "1/2-1/2"]
[ECO "E52"]
[WhiteElo "2369"]
[BlackElo "2429"]
[Annotator "ChessBase"]
[PlyCount "60"]
[EventDate "2022.09.17"]
[EventType "team-tourn"]
[EventCountry "ESP"]
[SourceTitle "playchess.com"]
[Source "ChessBase"]
[SourceQuality "1"]
[TimeControl "5400+30"]

1. d4 Nf6 2. c4 e6 3. Nc3 Bb4 4. e3 O-O 5. Bd3 d5 6. Nf3 b6 7. O-O Bb7 8. a3 Bd6 9. b4 dxc4 10. Bxc4 a5 11. b5 Nbd7 12. Bb2 e5 13. Ne2 Ng4 14. dxe5 Ndxe5 15. Nxe5 Nxe5 16. Bxe5 Bxe5 17. Qxd8 Rfxd8 18. Rad1 a4 19. Nd4 Bxd4 20. Rxd4 Rxd4 21. exd4 Rd8 22. Rd1 Kf8 23. f3 c5 24. bxc6 Bxc6 25. Kf2 Bd5 26. Bb5 Bb3 27. Re1 g6 28. Ke3 Rc8 29. Bd3 Ke7 30. Kd2+ Kd6 1/2-1/2